[Event "Rapid Shavuot-A 2023"]
[Site "Ramat Gan"]
[Date "2023.05.25"]
[Round "2.2"]
[White "Dvoirys, Semen I."]
[Black "Zemach, Nadav"]
[Result "0-1"]
[ECO "C88"]
[WhiteElo "2470"]
[BlackElo "2383"]
[Annotator "TA"]
[PlyCount "63"]
[EventDate "2023.05.19"]
[EventType "swiss"]
[EventCountry "ISR"]
[SourceTitle "playchess.com"]
[Source "ChessBase"]
[SourceQuality "1"]
[TimeControl "900+5"]

1. e4 e5 2. Nf3 Nc6 3. Bb5 a6 4. Ba4 Nf6 5. O-O Be7 6. Re1 b5 7. Bb3 O-O 8. a4 {[%emt 0:00:04] aiming for axb5.} d5 {[%emt 0:00:00] C88: Closed Ruy Lopez: Anti-Marshall Systems.} (8... b4 $11) 9. exd5 e4 (9... Na5 $14) 10. dxc6 $16 exf3 {[%emt 0:00:00] White is clearly better.} 11. d4 {[%emt 0:00:52] [#]} (11. Qxf3 Bg4 12. Qc3 b4 $14) 11... fxg2 $146 ({Predecessor:} 11... Bf5 12. Re5 Qe8 13. Rxf5 {1-0 Ceron,J (2106)-Aguilar,H (1889) Bogota Distrital qual 2016 (4)}) 12. Bf4 (12. axb5 $16 {Hoping for Nc3.} Ng4 13. Re4 (13. Kxg2 Bd6 $17)) 12... Bd6 $1 $14 13. Bg3 b4 (13... Bg4 $1 $11 14. Qd3 bxa4 15. Rxa4 Re8 16. Rxe8+ Qxe8) 14. d5 Bg4 {[%emt 0:00:00] [#]} 15. Qd3 (15. Qd4 $1 $16) 15... Nh5 $11 16. Qd4 {[%emt 0:01:18][%mdl 8192] Dodges Nf4} (16. Nd2 $1 $11 {and White is okay.}) 16... Qg5 (16... Nxg3 $19 17. fxg3 f5) 17. Nd2 {[%emt 0:00:01] Black must now prevent Ne4.} (17. Kxg2 $2 Nf4+ 18. Bxf4 Bxf4 $19) (17. Bxd6 $2 cxd6 18. Re3 Nf4 $19) 17... f5 {[%emt 0:00:00] Against Ne4. The board is on fire.} (17... Nxg3 $17 18. fxg3 Qh5) 18. Be5 $2 (18. Kxg2 $2 f4 19. Ne4 Bf3+ 20. Kxf3 fxg3+ 21. Ke2 Qg4+ 22. Kd3 gxf2 23. Nxd6 fxe1=N+ 24. Rxe1 Nf4+ 25. Kc4 cxd6 $19) (18. Bxd6 cxd6 19. Re3) 18... Kh8 $2 (18... Bxe5 $19 19. Rxe5 Nf4 20. d6+ (20. Qxb4 $2 Nh3+ 21. Kxg2 Nf4+ 22. Kf1 Bh3+ 23. Ke1 Qg1+ $19 {[%mdl 64] Skewer, Double Attack}) 20... Kh8) 19. f3 $2 (19. Kxg2 $2 Bh3+ 20. Kxh3 Bxe5 $19) (19. Bxd6 cxd6 20. Re3 Nf4 $17) ({Better is} 19. Re3 $1 $15) 19... Bxe5 $19 {[%emt 0:00:00][%mdl 64] Remove Defender} 20. Rxe5 {[%emt 0:00:05] [#]} Nf4 $1 21. h4 {[%emt 0:01:15] [#]} (21. fxg4 $2 Qxg4 22. Kf2 Rae8 $19) 21... Nh3+ (21... Qxh4 22. Qxf4 Qh1+ 23. Kf2 Qxa1 24. Kxg2 $17) ({Black should play} 21... Qh6 $1 $19 22. Bc4 (22. fxg4 $2 fxg4 23. h5 Qf6 $19) 22... Rae8 23. Bxa6 (23. fxg4 $2 fxg4 24. Rxe8 Rxe8 $19) 23... Nh3+ 24. Kxg2 Rxe5 {[%mdl 64] Deflection} 25. Qxe5 Qxd2+ 26. Be2 Nf4+ 27. Kf2 Ng6) 22. Kxg2 $16 (22. Kh2 $2 Qxh4 23. Kxg2 Nf4+ 24. Qxf4 Bh3+ 25. Kh1 Qxf4 $19) 22... Qxh4 (22... Nf4+ $16 23. Kg1 Nh3+ 24. Kg2 Nf4+ 25. Kg1 Nh3+ 26. Kg2) 23. fxg4 $18 {[%emt 0:00:28][%cal Od2f3] Strongly threatening Nf3!} fxg4 (23... f4 {was worth a try.} 24. Kf3 (24. Qxb4 $2 Qg3+ 25. Kh1 Nf2#) (24. Kf1 f3 $17) 24... Qg3+ 25. Ke2 f3+ 26. Kd3 Nf2+ 27. Kc4 Rf4) 24. Rf1 $1 (24. Qxb4 $2 Rf2+ 25. Kh1 Ng5+ 26. Kg1 Qh2#) 24... Rxf1 25. Kxf1 ({Stronger than} 25. Nxf1 Rf8 26. Ng3 Ng5 $11) 25... Rf8+ 26. Ke2 Qg3 $2 (26... a5 27. Bc4 Qh6) 27. Qe3 {[%emt 0:00:09] White is clearly winning.} Qg2+ 28. Kd3 {[%emt 0:00:06] Threatens to win with Re8.} Nf2+ 29. Kc4 {[%emt 0:00:02] Re8 would kill now.} Nd1 30. Qd4 Qg3 31. Ne4 Qe1 32. Re7 $2 {[%emt 0:00:11][%mdl 32768] An exciting game.   Weighted Error Value: White=0.48/Black=0.67. Loss on time!?} (32. Kc5 $18) 0-1

[Event "Rapid Shavuot-A 2023"]
[Site "Ramat Gan"]
[Date "2023.05.25"]
[Round "2.3"]
[White "Vaisman, Felix"]
[Black "Zanan, Evgeny"]
[Result "0-1"]
[ECO "C00"]
[WhiteElo "2121"]
[BlackElo "2485"]
[Annotator "TA"]
[PlyCount "36"]
[EventDate "2023.05.19"]
[EventType "swiss"]
[EventCountry "ISR"]
[SourceTitle "playchess.com"]
[Source "ChessBase"]
[SourceQuality "1"]
[TimeControl "900+5"]

1. e4 e6 2. b3 d5 3. Bb2 dxe4 4. Nc3 Nf6 5. g4 h6 6. Bg2 e5 {[%emt 0:00:31] C00: French: Unusual White 2nd moves.} 7. h3 Nc6 8. Nxe4 {[%emt 0:00:04] [#]} Be6 $146 {[%emt 0:00:22] Black has an edge.} (8... Bd7 $5 ) ({Predecessor:} 8... Nd5 9. Ne2 Be7 10. O-O h5 11. N2g3 hxg4 12. hxg4 Nf4 13. Qf3 Rh4 14. Nf5 Bxf5 15. gxf5 {0-1 Gahan,M (2231)-Poghosyan,S (2275) Titled Tuesday intern op1 4th Febr blitz 2020 (4)}) 9. Qe2 Nd5 10. Qb5 (10. Nc3 $15) 10... a6 11. Qf1 (11. Qxb7 $2 {too greedy.} Na5 $19) 11... Nf4 (11... Ndb4 $17 12. O-O-O Nd4 13. Bxd4 exd4) 12. Bf3 (12. Ne2 $11 {remains equal.}) 12... Nb4 ({Black should play} 12... Nd4 13. O-O-O c5) 13. O-O-O c5 {[%emt 0:03:19][%cal Bc7c5,Bc5c4][%mdl 32] Hoping for ...c4. Black is much more active.} ({Reject} 13... Nxa2+ $6 14. Kb1 Nb4 15. d4 $11) 14. Ng3 $2 {[%emt 0:01:33][%mdl 8192] White does not recover from this.} (14. d3 $17) 14... c4 $19 15. a3 {[%emt 0:02:57] [#]} Nbd3+ $1 16. cxd3 Nxd3+ 17. Kb1 Nxb2 18. Kxb2 Qd4+ {[%emt 0:00:02] Weighted Error Value: White=1.50/Black=0.27 (precise)} 0-1

[Event "Rapid Shavuot-A 2023"]
[Site "Ramat Gan"]
[Date "2023.05.25"]
[Round "2.4"]
[White "Bronstein, Or"]
[Black "Ehrlich, Roy"]
[Result "1-0"]
[ECO "E11"]
[WhiteElo "2463"]
[BlackElo "2228"]
[Annotator "TA"]
[PlyCount "59"]
[EventDate "2023.05.19"]
[EventType "swiss"]
[EventCountry "ISR"]
[SourceTitle "playchess.com"]
[Source "ChessBase"]
[SourceQuality "1"]
[TimeControl "900+5"]

1. d4 e6 2. c4 Bb4+ 3. Bd2 c5 4. Bxb4 cxb4 5. Nf3 Nf6 6. e3 O-O 7. Be2 d6 {[%emt 0:00:04] E11: Bogo-Indian.} 8. a3 bxa3 9. Rxa3 a5 {[%emt 0:00:10] White is slightly better.} 10. b4 Nc6 {[%emt 0:00:21] [#]} 11. b5 $146 ({Predecessor:} 11. bxa5 Nxa5 12. O-O b6 13. Nbd2 Ba6 14. Qb1 Rc8 15. Rc1 Rc6 16. Nb3 Nxb3 17. Qxb3 {1-0 Boensch,U (2540)-Berg,E (2535) Bundesliga 0203 2002 (1.4)}) 11... Nb4 12. O-O b6 13. Nc3 Qe7 14. Na4 Rb8 (14... Nd7 $14) 15. Ne1 (15. Nxb6 $16 Rxb6 16. Qa4) 15... d5 (15... Bd7 $11 {keeps the balance.}) 16. c5 bxc5 17. Nxc5 ({Don't play} 17. dxc5 Bd7 $15) 17... Nd7 (17... Ne4 $16) 18. Nxd7 $18 ({Resist} 18. Rxa5 $6 Nxc5 19. dxc5 Qxc5 $16) 18... Bxd7 19. Rxa5 Rfc8 20. Nf3 Nc2 $2 {[%emt 0:00:39] A mistake that costs the game.} (20... Rc2 $16 {was necessary.}) 21. Ra7 {[%emt 0:00:00] And now Ne5 would win.} Qd6 (21... Qd8 {is a better defense.} 22. Ne5 Be8) 22. Ne5 Be8 {[%emt 0:00:01] [#]} 23. Bd3 $1 {[%emt 0:00:00] aiming for Bxh7+.} f6 $2 (23... Qb6) 24. Nc6 {[%emt 0:00:00] White is clearly winning.} Bxc6 25. bxc6 {[%emt 0:00:00] White wants to mate with Qh5.} ({Less strong is} 25. Qxc2 Bxb5 26. Bxh7+ Kf8 $16) 25... Qxc6 {[%emt 0:00:56] [#]} (25... g6 $142 26. Bxc2 Qxc6 27. Bxg6 hxg6) 26. Bxh7+ $1 {[%emt 0:00:00][%mdl 576] Decoy} Kf8 27. Bxc2 Qxc2 28. Qh5 Rc7 29. Qh8+ {[%emt 0:00:00][%mdl 64] Skewer} Kf7 30. Qxb8 {[%emt 0:00:00] Weighted Error Value: White=0.49/Black=0.47} 1-0

[Event "Rapid Shavuot-A 2023"]
[Site "Ramat Gan"]
[Date "2023.05.25"]
[Round "2.5"]
[White "Bodenshtein, Yair"]
[Black "Levin, Guy"]
[Result "0-1"]
[ECO "B15"]
[WhiteElo "1846"]
[BlackElo "2424"]
[Annotator "TA"]
[PlyCount "66"]
[EventDate "2023.05.19"]
[EventType "swiss"]
[EventCountry "ISR"]
[SourceTitle "playchess.com"]
[Source "ChessBase"]
[SourceQuality "1"]
[TimeControl "900+5"]

1. e4 c6 2. d4 d5 3. Nd2 dxe4 4. Nxe4 Nf6 5. Nxf6+ exf6 6. c3 Bd6 7. Bd3 O-O 8. Qc2 Re8+ 9. Be3 h5 {[%emt 0:00:11] B15: Caro-Kann: 3 Nc3: 3...g6 and 3...dxe4 4 Nxe4 Nf6 5 Nxf6+ exf6.} 10. O-O-O Qc7 11. Ne2 Be6 {[%emt 0:00:27] White is slightly better.} 12. c4 {[%emt 0:00:03][%cal Bc3c4,Bc4c5][%mdl 32] [#]} Na6 $146 {[%emt 0:00:43][%cal Oa6b4] And now ...Nb4! would win.} ({Predecessor:} 12... c5 13. Kb1 Nd7 14. Ng3 cxd4 15. Bxd4 Ne5 16. Be2 Rac8 17. b3 b5 18. c5 Bxc5 {1-0 Sukandar,I (2392)-Fronda Pascua,J (2141) SEA Games (Women) 31st 2022 (2)}) 13. a3 {[%emt 0:00:28] Repels Nb4} b5 14. c5 (14. cxb5 cxb5 15. d5 Bd7 $11) 14... Bf8 15. Nf4 g6 16. Rhe1 (16. h3 $16) 16... Bg4 $11 17. Ne2 (17. Be2 $5) 17... Qd7 (17... Qxh2 $2 18. Bxg6 Rxe3 19. Bh7+ (19. fxe3 fxg6 20. Qxg6+ Bg7 $14) 19... Kh8 20. fxe3 Qxg2 21. Be4 $18) 18. h3 (18. d5 {is interesting.} cxd5 19. c6 Qd6 20. Kb1) 18... Bxe2 19. Rxe2 Nc7 20. g4 hxg4 $17 21. hxg4 Qxg4 22. Ree1 Nd5 {[%emt 0:01:01] Black is more active.} 23. Rg1 $1 Qh5 24. Rh1 Nxe3 25. fxe3 Qg5 26. Rdg1 (26. Qh2 $2 Bg7 27. Kb1 Qxe3 $19) (26. Kb1 $15 Qxe3 27. d5 (27. Qh2 $2 Bg7 $19)) 26... Qxe3+ 27. Kb1 {[%emt 0:00:02][%cal Od3g6] Bxg6! would be deadly.} Bg7 {[%emt 0:00:01] Repels Bxg6. White must now prevent ...Rad8.} (27... Qxd4 $2 28. Bxg6 Bg7 29. Bxf7+ Kf8 30. Bxe8 Rxe8 31. Rxg7 $18) 28. Ka1 {[%emt 0:01:49] [#]} (28. d5 $17) 28... f5 $2 (28... Qxd4 29. Bxg6 fxg6 30. Qxg6 $15) (28... Re7 $1 $19 29. d5 cxd5) 29. Bxf5 $1 $15 gxf5 ({Much less strong is} 29... Bxd4 30. Bxg6 Qxg1+ 31. Rxg1 Bxg1 32. Be4 Bxc5 33. Bxc6 Re1+ 34. Ka2 $16) ({Better is} 29... Qxd4 $1 $19 30. Bxg6 fxg6 31. Rxg6 Re7) 30. Qxf5 $4 (30. Qh2 $1 $11 {and White has nothing to worry.} Kf8 31. Qd6+ Re7 32. Qxc6) 30... Qxd4 $19 ({Not} 30... Kf8 31. Rxg7 $18) 31. Rg2 Re3 (31... Kf8 $142 32. Rf1 Re7) 32. Rhg1 $2 (32. Qh7+ Kf8 33. Rxg7 Rxa3+ 34. Kb1 Qxg7 35. bxa3) 32... Rxa3+ 33. Kb1 {[%emt 0:00:01] [#]} Rg3 $3 {[%emt 0:00:02] Weighted Error Value: White=0.51/Black=0.73} 0-1

[Event "Rapid Shavuot-A 2023"]
[Site "Ramat Gan"]
[Date "2023.05.25"]
[Round "2.6"]
[White "Mesropov, Konstantin"]
[Black "Gamayev, Oleg"]
[Result "1-0"]
[ECO "D34"]
[WhiteElo "2437"]
[BlackElo "2174"]
[Annotator "TA"]
[PlyCount "76"]
[EventDate "2023.05.19"]
[EventType "swiss"]
[EventCountry "ISR"]
[SourceTitle "playchess.com"]
[Source "ChessBase"]
[SourceQuality "1"]
[TimeControl "900+5"]

1. c4 e6 2. g3 d5 3. Bg2 Nf6 4. Nf3 c5 5. cxd5 exd5 6. d4 Nc6 7. O-O Be7 8. Nc3 O-O 9. Bf4 {[%emt 0:00:29] 9.dxc5 is a critical line.} a6 10. Rc1 {[%emt 0:00:22] D34: Tarrasch Defence: 6 g3 Nf6 7 Bg2 Be7.} c4 11. Ne5 Be6 {[%emt 0:00:19] [#]} (11... Re8 $11) 12. Nxc4 $1 $16 {[%emt 0:00:18] White is better.} dxc4 13. d5 Nxd5 14. Nxd5 Bf6 (14... Qa5 $16 {is a better defense.}) 15. Bc7 $18 (15. Rxc4 Bxb2 16. e4 Be5 $16) 15... Qc8 {[%emt 0:00:37] aiming for ...Bxd5.} 16. Nxf6+ (16. Rxc4 $2 {is the wrong capture.} Bxd5 17. Bxd5 Qxc7 $19) 16... gxf6 17. Bb6 {[%emt 0:00:06] [#]} (17. Qd6 $18) 17... Re8 $146 ({Predecessor:} 17... Ne5 18. Qd6 a5 19. Rfd1 Ra6 20. Qc5 Re8 21. Rd2 Qxc5 22. Bxc5 Nd7 23. Be3 b6 {1-0 Vesecky,M (2087)-Lastovka,J (2134) CZE-chT2C 1112 2011 (1.6)}) 18. Qd6 {[%emt 0:01:05] White is more active.} Bh3 {[%emt 0:01:23] Black is weak on the dark squares} (18... a5 $16 {was necessary.} 19. Rfd1 Ra6) 19. Qxf6 $18 Bxg2 {[%emt 0:00:52] [#]} 20. Qg5+ $1 ({But not} 20. Kxg2 $6 Qg4 $16) 20... Kh8 21. Kxg2 Qe6 22. Be3 b5 {[%emt 0:01:14] [#]} 23. b3 $1 f6 (23... Ne5 24. Rfd1) 24. Qh4 Ne5 25. Kg1 (25. Bd4 $18) 25... Rac8 {[%emt 0:00:09] [#]} (25... Rad8 $16) 26. bxc4 $1 Rxc4 27. Rxc4 Nxc4 28. Bd4 Kg7 29. Rd1 Re7 30. Rd3 {[%emt 0:00:56] Hoping for Qg5+.} Rf7 $2 (30... Ne5) 31. Qg5+ {[%emt 0:00:27] White is clearly winning.} Kh8 {[%emt 0:00:09] [#]} 32. Bxf6+ $1 Qxf6 33. Rd8+ Qxd8 34. Qxd8+ Kg7 35. Qd4+ Rf6 36. e4 Kg6 37. e5 Re6 38. f4 {[%emt 0:00:07] Strongly threatening Qd7.} Kf5 {[%emt 0:00:11] Weighted Error Value: White=0.19 (very precise) /Black=0.22 (precise)} 1-0

[Event "Rapid Shavuot-A 2023"]
[Site "Ramat Gan"]
[Date "2023.05.25"]
[Round "2.7"]
[White "Dezent, Eyal"]
[Black "Mindlin, Alon"]
[Result "0-1"]
[ECO "A47"]
[WhiteElo "1773"]
[BlackElo "2435"]
[Annotator "TA"]
[PlyCount "54"]
[EventDate "2023.05.19"]
[EventType "swiss"]
[EventCountry "ISR"]
[SourceTitle "playchess.com"]
[Source "ChessBase"]
[SourceQuality "1"]
[TimeControl "900+5"]

1. d4 Nf6 2. Bf4 e6 3. e3 b6 4. Nf3 Bb7 5. Bd3 Be7 6. h3 c5 7. c3 d6 8. Nbd2 O-O 9. O-O Nbd7 10. Qe2 Re8 {[%emt 0:00:37] A47: 1 d4 Nf6 2 Nf3 b6: Torre, London and Colle Systems.} 11. e4 Nf8 12. Rad1 {[%emt 0:00:29] [#]} cxd4 $146 {[%emt 0:00:03] The position is equal.} ({Predecessor:} 12... Ng6 13. Bh2 Nh5 14. Qe3 Nf6 15. Rfe1 Bf8 16. Qe2 e5 17. d5 Nh5 18. Qe3 Nhf4 19. Bxf4 Nxf4 {1-0 De Araujo,F-Rodrigues,F (1905) Natal op-B 8th 2011 (2)}) 13. cxd4 (13. Nxd4 $2 e5 14. Bb5 exf4 $19) 13... Ng6 14. Bh2 Bf8 15. Bb5 Re7 16. e5 dxe5 17. dxe5 (17. Nxe5 {feels hotter.} Qxd4 18. Nc6 Qxb2 19. Nxe7+ Bxe7 20. Ne4) 17... Nd5 18. Ne4 a6 19. Ba4 b5 20. Bc2 {[%emt 0:00:08] And now Nfg5 would win.} Rd7 ({Black should play} 20... Ndf4 $11 21. Bxf4 Nxf4) 21. Nfg5 $1 $14 {[%emt 0:00:37] Qh5 would be deadly.} h6 {[%emt 0:02:17] [#]} 22. Qh5 Ndf4 (22... hxg5 $2 23. Nxg5 $18) 23. Bxf4 Nxf4 24. Qg4 hxg5 (24... Nd5 $1 $11 25. Rxd5 {[%mdl 64] Remove Defender, Decoy} Bxd5 26. Nf6+ {[%mdl 64] Double Attack} Kh8 27. Nxd7 Qxg5) 25. Nxg5 $16 Ne2+ $2 26. Qxe2 $4 (26. Kh2 $1 $18 {is the narrow road to win.} Bc5 27. Nxe6 (27. Qxe2 $2 {loses.} Qxg5 28. f4 Qe7 $19) 27... fxe6 28. Qxe6+ (28. Qxe2 $2 Rxd1 29. Bxd1 Qd5 $19) 28... Kh8 29. Rxd7) 26... Qxg5 $19 27. f4 Qg3 {[%emt 0:00:08] Weighted Error Value: White=0.45/Black=0.33} 0-1

[Event "Rapid Shavuot-A 2023"]
[Site "Ramat Gan"]
[Date "2023.05.25"]
[Round "2.8"]
[White "Veinberg, Nimrod"]
[Black "Poleg, Dan"]
[Result "1-0"]
[ECO "D35"]
[WhiteElo "2410"]
[BlackElo "2193"]
[Annotator "TA"]
[PlyCount "89"]
[EventDate "2023.05.19"]
[EventType "swiss"]
[EventCountry "ISR"]
[SourceTitle "playchess.com"]
[Source "ChessBase"]
[SourceQuality "1"]
[TimeControl "900+5"]

1. d4 Nf6 2. c4 e6 3. Nc3 d5 4. cxd5 exd5 5. Bg5 c6 6. e3 Bf5 7. Qf3 Bg6 8. Bxf6 Qxf6 9. Qxf6 gxf6 10. Nf3 Bf5 {[%emt 0:01:33] D35: Queen's Gambit Declined: Exchange Variation.} 11. Nh4 Be6 12. Bd3 Nd7 {[%emt 0:00:07][%cal Bb8d7,Bd7b6,Bb6c4][%mdl 32] [#] White is slightly better.} 13. Kd2 $146 {[%emt 0:00:19] White is more active.} ({Predecessor:} 13. O-O-O Nb6 14. Rhe1 O-O-O 15. Kb1 Kb8 16. g3 Nc8 17. e4 dxe4 18. Bxe4 Nb6 19. Bf5 {1-0 Marin,M (2549)-Manea,A (2389) ROM-ch Amara 2007 (3)}) 13... a5 14. Rac1 Nb6 15. Ne2 a4 16. Ng3 Nc4+ 17. Kc2 Kd7 18. Ra1 (18. Nh5 $14 {is more appropriate.}) 18... b5 19. Rhe1 Bb4 20. Rec1 Rhc8 {[%emt 0:01:02] And now ...a3 would win.} (20... a3 $5 21. b3 Nb2 $11) 21. b3 Nd6 22. Kb2 (22. Ngf5 $11) 22... a3+ ({Black should play} 22... c5 $1 $15 23. dxc5 Bxc5) 23. Kc2 $1 $11 c5 24. dxc5 Rxc5+ 25. Kd1 Bc3 26. Ne2 Bxa1 27. Rxc5 b4 (27... d4 $14 28. Kc2 (28. Bxb5+ Nxb5 29. Rxb5 Kc6 $11) (28. Bxh7 $2 Rh8 $19) (28. exd4 $2 Bxb3+ 29. axb3 a2 $19) (28. Nxd4 $2 Bxd4 29. exd4 Bxb3+ 30. axb3 a2 $19) 28... dxe3 29. fxe3 b4) 28. Nf3 $16 (28. Bxh7 $2 Rh8 29. Bd3 Rxh4 $19) 28... Rc8 {[%emt 0:01:28] This costs Black the game.} (28... Ne4 $16 29. Bxe4 (29. Bb5+ Kd8 $15) 29... dxe4) 29. Rxc8 $18 Kxc8 30. Nfd4 {[%emt 0:00:24] Repels Bf5} ({But not} 30. Bxh7 $6 f5 $16) 30... Bb2 31. Nc2 ({Resist} 31. Bxh7 $6 f5 32. h4 Kd7) 31... Kd7 32. Nxb4 Nb7 (32... Ne4 $142 33. f3 Nf2+ 34. Kd2 Nxd3 35. Nxd3 Bf5) 33. Bxh7 f5 34. Nd4 Nd6 35. f3 Bxd4 36. exd4 {[%emt 0:00:02][%mdl 4096] Endgame KBN-KBN} Nb5 (36... Ke7 {keeps fighting.} 37. h3 Kf6) 37. Nc2 Ke7 38. h3 Kf6 {[%emt 0:00:10] [#]} 39. g4 $1 Kg7 $2 (39... Kg5 40. Kd2 f6) 40. Bxf5 {[%emt 0:00:15] White is clearly winning.} Bxf5 41. gxf5 Kf6 42. Kd2 Kxf5 43. Ke3 Kg5 44. Nb4 Nc3 (44... Nc7 $142 45. h4+ Kxh4) 45. Kd3 {[%emt 0:00:10][%mdl 64] Deflection.   Weighted Error Value: White=0.13 (very precise) /Black=0.35} 1-0

[Event "Rapid Shavuot-A 2023"]
[Site "Ramat Gan"]
[Date "2023.05.25"]
[Round "2.9"]
[White "Aizenberg, Benny"]
[Black "Yaniv, Ori"]
[Result "1-0"]
[ECO "B94"]
[WhiteElo "2403"]
[BlackElo "2156"]
[Annotator "TA"]
[PlyCount "55"]
[EventDate "2023.05.19"]
[EventType "swiss"]
[EventCountry "ISR"]
[SourceTitle "playchess.com"]
[Source "ChessBase"]
[SourceQuality "1"]
[TimeControl "900+5"]

1. e4 c5 2. Nf3 d6 3. d4 cxd4 4. Nxd4 Nf6 5. Nc3 a6 6. Bg5 Nbd7 7. Bc4 Qb6 {[%emt 0:00:11] B94: Sicilian Najdorf: 6 Bg5 Nbd7.} 8. Bb3 e6 9. Qd2 Be7 {[%emt 0:00:29] The position is equal.} 10. O-O-O Nc5 11. f3 Qc7 12. h4 b5 13. g4 Bb7 (13... Bd7 $11) 14. Be3 O-O 15. h5 b4 16. Nce2 {[%emt 0:00:04] [#]} (16. Na4 $1 $11) 16... Nxb3+ $146 ({Black should try} 16... a5 $1 $17 {[%cal Ra5a4] White must now prevent ...a4.} 17. Kb1 a4) ({Predecessor:} 16... a5 17. g5 Nfxe4 18. fxe4 Nxe4 19. Qe1 a4 20. Bxe6 fxe6 21. Qxb4 Bd5 22. Nxe6 Bxe6 23. Qxe4 Bxa2 {1-0 Rachez,P (1860)-Laurent,D (2142) Montigny le Bretonneux Noel op 06th 2003 (2)}) 17. axb3 $11 d5 {[%emt 0:00:54] [#]} (17... a5 $11) 18. g5 $1 $16 Nd7 {[%emt 0:00:03][%cal Bf6d7,Bd7c5,Bc5e4][%mdl 32] [#]} 19. g6 $1 Nc5 20. h6 {[%emt 0:00:58] Intending gxh7+ and mate.} (20. Qxb4 $2 Nd3+ 21. Rxd3 Bxb4 $19) 20... fxg6 21. hxg7 (21. Qxb4 $2 Nd3+ 22. Rxd3 Bxb4 $19) 21... Rxf3 {[%emt 0:00:11][%mdl 64] Deflection} 22. Kb1 $2 (22. exd5 $2 Ne4 23. Nxf3 (23. Qd3 $2 Rxe3 24. Qxe3 Bg5 $19) 23... Nxd2 24. Rxd2 Bxd5 $19) (22. Nf4 $1 $14 {was forced to keep a grip.} Rxe3 23. Qxe3) 22... Nxe4 $19 23. Qc1 Rf6 {[%emt 0:01:07] Threatens to win with ...e5.} 24. Bg5 {[%emt 0:00:28] [#] Dodges e5} e5 $2 25. Bxf6 $16 Bxf6 (25... Nxf6 $16 26. Qh6 (26. Ne6 Qd6 $17) 26... exd4 27. Nxd4 Bc8) 26. Ne6 $18 {[%emt 0:00:10] Qh6 is the strong threat.} Qe7 $2 {[%emt 0:00:48] [#]} (26... Qxg7 27. Nxg7 Bg5) 27. Qh6 $1 Kf7 {[%emt 0:00:10] [#]} 28. Qxh7 $1 {[%emt 0:00:32] Ingenious play by Aizenberg!   Weighted Error Value: White=0.31/Black=0.58} 1-0

[Event "Rapid Shavuot-A 2023"]
[Site "Ramat Gan"]
[Date "2023.05.25"]
[Round "2.10"]
[White "Rozen, Eytan"]
[Black "Kinberg, Ofer"]
[Result "1-0"]
[ECO "D00"]
[WhiteElo "2417"]
[BlackElo "1918"]
[Annotator "TA"]
[PlyCount "25"]
[EventDate "2023.05.19"]
[EventType "swiss"]
[EventCountry "ISR"]
[SourceTitle "playchess.com"]
[Source "ChessBase"]
[SourceQuality "1"]
[TimeControl "900+5"]

1. d4 d5 2. Nc3 Nf6 3. Bf4 c6 4. e3 e6 5. Nf3 Bd6 6. Bd3 {[%emt 0:00:03] D00: 1 d4 d5: Unusual lines.} O-O 7. Ne5 Qc7 8. Qf3 {[%emt 0:00:23] White is slightly better.} b6 {[%emt 0:00:09] [#]} 9. Qg3 $146 {[%emt 0:00:36] Threatens to win with Ng4.} ({Predecessor:} 9. Qh3 Ba6 10. O-O-O Bxd3 11. Nxd3 Bxf4 12. Nxf4 c5 13. Qg3 {0-1 Jobava,B (2603)-Materia,M (2287) C'Chartres Blitz op April 2021 (3)}) 9... Ba6 10. Nf3 ({Much worse is} 10. Bh6 Ne8 11. Bf4 Bxd3 12. Nxd3 Bxf4 13. Nxf4 (13. exf4 Nd6 $15) (13. Qxf4 Qxf4 14. Nxf4 c5 $11) 13... c5 $11) (10. Ng4 $14 Bxf4 11. Nxf6+ Kh8 12. exf4 (12. Qxf4 Qxf4 13. exf4 gxf6 $11) 12... Bxd3 13. Nfxd5 (13. Nh5 Bg6 $17) 13... cxd5 14. Qxd3) 10... Nh5 $2 {[%emt 0:12:29] [#]} (10... Bxf4 $11 {and Black is okay.} 11. Qxf4 Qxf4 12. exf4 Bxd3 13. cxd3 c5) 11. Bxd6 Nxg3 12. Bxc7 (12. Bxh7+ $18 {and the rest is easy.} Kh8 13. Bxc7 Nxh1 14. Bd3) 12... Nxh1 $16 13. Ke2 {Weighted Error Value: White=0.42/Black=0.49} 1-0

[Event "Rapid Shavuot-A 2023"]
[Site "Ramat Gan"]
[Date "2023.05.25"]
[Round "2.11"]
[White "Levitan, Tal"]
[Black "Hasanov, Evyatar"]
[Result "1-0"]
[ECO "D42"]
[WhiteElo "2328"]
[BlackElo "1850"]
[Annotator "TA"]
[PlyCount "41"]
[EventDate "2023.05.19"]
[EventType "swiss"]
[EventCountry "ISR"]
[SourceTitle "playchess.com"]
[Source "ChessBase"]
[SourceQuality "1"]
[TimeControl "900+5"]

1. e4 c6 2. d4 d5 3. exd5 cxd5 4. c4 Nf6 5. Nc3 e6 6. Nf3 Be7 7. cxd5 Nxd5 8. Bd3 O-O 9. O-O Nc6 10. Re1 Nf6 11. Bg5 b6 12. a3 Bb7 13. Bc2 Rc8 14. Qd3 g6 15. Rad1 a6 {[%emt 0:01:54] D42: Queen's Gambit Declined: Semi-Tarrasch: 5 cxd5 Nxd5 6 e3 Nc6 7 Bd3 .} (15... Na5 $11) 16. Bb1 (16. Bb3 $5 ) 16... b5 (16... Nd5 {seems wilder.} 17. Nxd5 Bxg5 18. Nxb6 Nb4) 17. Ba2 Na5 18. Ne5 {[%emt 0:00:05] [#] Inhibits Nc4.} Kg7 $146 {[%emt 0:03:01] Against Bh6+} (18... Nc4 $14 19. Bxc4 bxc4 20. Nxc4 Nd5 21. Bxe7 Nxe7) ({Predecessor:} 18... Nd5 19. Bh6 Re8 20. Qh3 Bf6 21. Ne4 Bg7 22. Bxg7 Kxg7 23. Nxf7 Kxf7 24. Qxh7+ {1-0 Kobalia,M (2623)-Rozum,I (2539) RUS-ch blitz 2015 (1)}) 19. Qh3 $16 {[%emt 0:00:40] White is much more active.} h5 {[%emt 0:00:30] [#]} (19... Nc4 $16) 20. Qe3 $2 (20. d5 $1 $18 exd5 21. Nd7 {[%mdl 64] Pin}) 20... Rh8 $2 {[%emt 0:00:23][%mdl 8192] [#]} (20... Ng8 $16 21. h4 (21. Nxf7 Rxf7 22. Bxe7 Rxe7 $17) 21... Nc4 22. Nxc4 bxc4) 21. Nxf7 $1 {[%emt 0:00:11][%mdl 576] Double Attack. Black did not feel at home in the position after the opening.   Weighted Error Value: White=0.38/Black=0.75} 1-0